 Dungeon Crawl Stone Soup version 0.24-a0-539-g6aae15eeb0 (webtiles) character file.

Game seed: 10488864141820357103

160427 CherryEater the Geomancer (level 17, -15/106 HPs)
             Began as a Gargoyle Earth Elementalist on Aug 16, 2019.
             Was a High Priest of Vehumet.
             Demolished by Donald
             ... wielding a +2 demon trident of freezing
              (26 damage)
             ... on level 1 of the Shoals on Aug 17, 2019.
             The game lasted 02:00:38 (39758 turns).

CherryEater the Geomancer (GrEE)                   Turns: 39758, Time: 02:00:39

Health: -15/106    AC: 28    Str: 16    XL:     17   Next: 76%
Magic:  21/41      EV: 16    Int: 22    God:    Vehumet [*****.]
Gold:   2242       SH:  0    Dex: 10    Spells: 14/39 levels left

rFire    + + .     SeeInvis +   e - +7 captain's cutlass {speed, disarm}
rCold    + . .     Gourm    .   (no shield)
rNeg     + . .     Faith    .   V - +2 robe {rF+}
rPois    ∞         Spirit   .   O - +2 helmet {SInv}
rElec    +         Reflect  .   o - scarf {rC+ rF+}
rCorr    .         Harm     .   z - +2 pair of gloves {Str+3}
MR       ++...                  (no boots)
Stlth    ++........             x - amulet of the acrobat
HPRegen  0.27/turn              m - ring of magical power
MPRegen  0.27/turn              F - +3 ring of protection

@: flying
A: big wings, thin metallic scales 1, magic resistance 1, negative energy
resistance 1, electricity resistance, unbreathing, petrification resistance, rot
immunity, AC +12
a: Stop Flying, Renounce Religion


You were on level 1 of the Shoals.
You worshipped Vehumet.
Vehumet was extremely pleased with you.
You were hungry.

You visited 7 branches of the dungeon, and saw 31 of its levels.
You also visited: Bailey and Ice Cave.

You collected 3448 gold pieces.
You spent 1206 gold pieces at shops.

Inventory:

Hand Weapons
 e - the +7 captain's cutlass (weapon) {speed, disarm}
   (You found it on level 2 of the Elven Halls)

   Attacks with this weapon are significantly faster.
 p - a +4 dire flail of holy wrath
 G - a +0 morningstar
 T - the +12 short sword of Resumed Hostilities {pierce, rF++}
   (You found it on level 6 of the Lair of Beasts)

   It inflicts extra damage upon your enemies.
   It greatly protects you from fire.
Missiles
 r - 2 throwing nets
 D - 371 stones (quivered)
Armour
 n - a +2 cloak
 o - a scarf of resistance (worn)
 v - a +2 pair of gloves
 z - a +2 pair of gloves of strength (worn)
 C - a +0 robe of the Archmagi
 O - a +2 helmet of see invisible (worn)
 V - a +2 robe of fire resistance (worn)
Magical Staves
 U - an uncursed staff of wizardry
Jewellery
 b - an uncursed ring of wizardry
 k - an uncursed amulet of magic regeneration
 m - a ring of magical power (left hand)
 w - an uncursed ring of resist corrosion
 x - an amulet of the acrobat (around neck)
 F - a +3 ring of protection (right hand)
Wands
 h - a wand of random effects (42)
 i - a wand of flame (25)
 u - a wand of enslavement (9)
 y - a wand of scattershot (5)
 L - a wand of digging (12)
 M - a wand of disintegration (7)
 N - a wand of iceblast (20)
 P - a wand of paralysis (13)
 R - a wand of clouds (1)
 S - a wand of polymorph (6)
Scrolls
 f - 16 scrolls of remove curse
 g - 5 scrolls of teleportation
 j - 3 scrolls of enchant weapon
 l - 2 scrolls of immolation
 t - 8 scrolls of amnesia
 E - 9 scrolls of blinking
 K - 2 scrolls of fear
 Q - 4 scrolls of identify
 W - a scroll of magic mapping
Potions
 a - 2 potions of ambrosia
 c - 4 potions of mutation
 q - a potion of cancellation
 s - 3 potions of lignification
 A - 4 potions of brilliance
 B - 2 potions of might
 H - 9 potions of curing
 I - 3 potions of heal wounds
 J - a potion of magic
 X - a potion of agility
 Y - a potion of haste
Comestibles
 d - 31 rations
 Z - 8 chunks of flesh


   Skills:
 + Level 12.0 Fighting
 + Level 11.0 Maces & Flails
 - Level 6.0 Armour
 + Level 9.7 Dodging
 - Level 2.1 Stealth
 + Level 11.7 Spellcasting
 + Level 13.2 Conjurations
   Level 0.7 Transmutations
 * Level 11.1 Fire Magic
 + Level 14.9 Earth Magic
 - Level 6.0 Evocations


You had 14 spell levels left.
You knew the following spells:

 Your Spells              Type           Power        Failure   Level  Hunger
a - Sandblast             Erth           ######       0%          1    None
b - Stone Arrow           Conj/Erth      ######       1%          3    None
c - Lee's Rapid Deconstr  Erth           ######....   1%          5    ####...
d - Venom Bolt            Conj/Pois      #####.....   2%          5    ####...
e - Bolt of Magma         Conj/Fire/Erth ######....   1%          5    ####...
f - Iron Shot             Conj/Erth      ######....   1%          6    #####..

Your spell library contained the following spells:

 Spells                   Type           Power        Failure   Level  Hunger
 Orb of Destruction       Conj           ######....   5%          7    #######
 Flame Tongue             Conj/Fire      #####        1%          1    None
 Freeze                   Ice            ##..         1%          1    None
 Sting                    Conj/Pois      ####         1%          1    None
 Passwall                 Tmut/Erth      #####...     1%          2    None
 Throw Frost              Conj/Ice       #####.       1%          2    None
 Dazzling Spray           Conj/Hex       #####.       1%          3    None
 Inner Flame              Hex/Fire       #####...     1%          3    None
 Mephitic Cloud           Conj/Pois/Air  ####....     1%          3    None
 Petrify                  Tmut/Erth      #####...     1%          4    None
 Sticky Flame             Conj/Fire      ######..     1%          4    None
 Throw Icicle             Conj/Ice       #####...     1%          4    None
 Leda's Liquefaction      Hex/Erth       #####.....   2%          4    None
 Beastly Appendage        Tmut           ###...       3%          1    None
 Corona                   Hex            ##.....      4%          1    None
 Infusion                 Chrm           ##..         4%          1    None
 Summon Small Mammal      Summ           ##..         4%          1    None
 Call Imp                 Summ           ##......     8%          2    None
 Ensorcelled Hibernation  Hex/Ice        ##....       8%          2    None
 Poisonous Vapours        Pois/Air       ##....       8%          2    None
 Shroud of Golubria       Chrm/Tloc      ##....       8%          2    None
 Slow                     Hex            ##......     8%          2    None
 Song of Slaying          Chrm           ##......     8%          2    None
 Olgreb's Toxic Radiance  Pois           ##......     13%         4    None
 Call Canine Familiar     Summ           ##......     16%         3    None
 Confuse                  Hex            ##......     16%         3    None
 Ozocubu's Armour         Chrm/Ice       ##......     16%         3    None
 Portal Projectile        Hex/Tloc       ##....       16%         3    None
 Recall                   Summ/Tloc      N/A          16%         3    None
 Regeneration             Chrm/Necr      ##........   16%         3    None
 Spectral Weapon          Hex/Chrm       ##......     16%         3    None
 Summon Guardian Golem    Hex/Summ       ##......     16%         3    None
 Tukima's Dance           Hex            ##......     16%         3    None
 Cause Fear               Hex            ##........   45%         4    None
 Summon Ice Beast         Ice/Summ       ##......     45%         4    None
 Summon Lightning Spire   Summ/Air       ##......     45%         4    None
 Blade Hands              Tmut           ###.......   71%         5    ####...
 Aura of Abjuration       Summ           ##........   80%         5    ####...
 Silence                  Hex/Air        ##........   80%         5    ####...
 Summon Demon             Summ           ##........   80%         5    ####...
 Summon Forest            Summ/Tloc      ##........   80%         5    ####...
 Summon Mana Viper        Hex/Summ       ##......     80%         5    ####...
 Shadow Creatures         Summ           N/A          100%        6    #####..
 Statue Form              Tmut/Erth      Unusable     N/A         6    N/A

Dungeon Overview and Level Annotations

Branches:
Dungeon (15/15)            Temple (1/1) D:4            Lair (6/6) D:11
 Shoals (1/4) Lair:4        Snake (3/4) Lair:2        Slime (0/5) Lair:6
    Orc (2/2) D:10            Elf (3/3) Orc:2        Vaults (0/5) D:14
 Depths (0/5) D:15

Altars:
Ashenzari
Cheibriados
Dithmenos
Elyvilon
Fedhas
Gozag
Kikubaaqudgha
Makhleb
Nemelex Xobeh
Okawaru
Ru
Sif Muna
Trog
Vehumet
Wu Jian
Xom
Yredelemnul
Beogh
Jiyva

Shops:
Orc:2 %}%?   Elf:1 :   Elf:3 *}   Snake:1 *%

Annotations:
D:7 2 transporters, temitten's ghost, novice MiMo
Shoals:1 Donald
Orc:2 3 runed translucent doors, ijan1's ghost, journeyman DsMo
Elf:2 5 runed translucent doors
Elf:3 3 runed translucent doors, exclusions: obsidian statue and 1 more exclusion, Arang's ghost, veteran DsWz


Innate Abilities, Weirdness & Mutations

You are resistant to torment.
Your stone body is resilient. (AC +12)
You are immune to poison.
Your large and strong wings let you fly indefinitely.
You resist negative energy. (rN+)
You are resistant to electric shocks. (rElec)
You can survive without breathing.
You are immune to petrification.
You are immune to rotting.
You are partially covered in thin metallic scales. (AC +2)
You are resistant to hostile enchantments. (MR+)


Message History

Aim: Donald, wielding a +2 demon trident of freezing, wearing a +0 chain mail and wearing a +0 shield of reflection (water, fast, unusually strong)
The iron shot hits Donald!!
Donald is moderately wounded.
You are feeling hungry.
Donald says, "Why would someone put a sword in a little box?"
Donald hits you from afar with a +2 demon trident of freezing.
Casting: Iron Shot (safe; 1% risk of failure)
Confirm with . or Enter, or press ? or * to list all spells.
Aiming: Iron Shot (safe; 1% risk of failure)
Press: ? - help, Shift-Dir - straight line, f/p - Donald
Aim: Donald, wielding a +2 demon trident of freezing, wearing a +0 chain mail and wearing a +0 shield of reflection (water, moderately wounded, fast, unusually strong)
The iron shot hits Donald!!
Donald is severely wounded.
Donald hits you from afar with a +2 demon trident of freezing!!
* * * LOW HITPOINT WARNING * * *
Donald freezes you.
* * * LOW HITPOINT WARNING * * *
Donald makes a rude gesture at you.
Donald hits you from afar with a +2 demon trident of freezing!!
You die...

#≈≈≈≈≈≈≈≈≈≈≈≈≈≈≈≈≈≈≈≈≈≈≈≈.
#≈≈≈≈≈≈≈≈≈≈≈≈≈≈≈≈≈≈≈≈.≈≈≈≈
#≈≈≈≈≈≈≈≈≈≈≈≈≈≈≈≈≈≈≈≈≈≈≈≈≈
#≈≈≈≈≈≈≈≈≈≈≈≈≈≈≈≈≈≈≈≈≈≈≈≈≈
#≈≈≈≈≈≈≈≈≈≈≈≈≈≈≈≈≈≈≈≈≈≈≈≈≈
#≈≈≈≈≈≈≈≈≈≈≈≈≈≈≈≈≈≈≈≈≈≈≈≈≈
#≈≈≈≈≈≈≈≈≈≈≈≈≈≈≈≈≈≈≈≈≈≈≈≈≈
#≈≈≈≈≈≈≈≈≈≈≈≈≈≈≈≈≈≈≈)≈≈≈≈≈
#≈≈≈≈≈≈≈≈@≈≈≈≈≈≈≈....≈≈≈≈≈
#≈≈≈≈≈≈≈≈≈≈≈≈≈≈..####.≈≈..
≈≈≈≈≈≈≈@≈≈≈≈.### #.≈≈..
≈≈≈≈≈≈≈≈≈≈≈.## #.≈.##
≈≈≈≈≈≈≈≈≈≈≈≈.# ##...#
≈≈≈≈≈≈≈≈≈≈≈≈.#####....##
≈≈≈≈≈≈≈≈≈≈≈≈≈.......≈...
≈≈≈≈≈≈≈≈≈≈≈≈≈......≈≈≈÷.
≈≈≈≈≈≈≈≈≈≈≈..≈....≈≈≈..


You could see Donald.

Vanquished Creatures
  Nikola (Elf:2)
  Asterion (Snake:1)
  Roxanne (Snake:1)
  A nagaraja (Snake:2)
  A fire giant (D:15)
  Aizul (Snake:2)
  A merfolk javelineer (Shoals:1)
  Snorg (Lair:6)
  A merfolk impaler (Shoals:1)
  Fannar (Lair:3)
  3 naga warriors (Snake:1)
  2 ice dragons (IceCv)
  4 vault guards (D:14)
  9 hydras
  A catoblepas (Lair:6)
  5 two-headed ogres
  8 anacondas
  The ghost of Hawod the Fighter, a novice MiBe of Trog (Lair:1)
  A merfolk avatar (Shoals:1)
  A death knight (D:14)
  3 death yaks (Lair:6)
  A deep troll shaman (Lair:6)
  A merfolk aquamancer (Shoals:1)
  2 centaur warriors
  8 dancing weapons
  4 naga sharpshooters (Snake:2)
  4 orc high priests
  2 shock serpents
  4 deep elf knights
  3 sea snakes (Shoals:1)
  3 wizards
  2 unseen horrors
  8 deep elf archers
  A naga ritualist (Snake:1)
  9 orc knights
  A phantasmal warrior (D:14)
  3 harpies (Shoals:1)
  A mana viper (Snake:1)
  38 deep elf magi
  10 cyclopes
  7 orc sorcerers
  An ugly thing (D:12)
  4 oklob plants
  8 manticores
  3 salamanders
  6 elephants
  2 ice statues (IceCv)
  21 black mambas
  5 merfolk sirens
  A water nymph (Shoals:1)
  A torpor snail (Lair:6)
  9 naga magi
  7 spiny frogs
  3 guardian serpents
  3 centaur skeletons
  4 rime drakes
  2 freezing wraiths (D:14)
  3 kobold demonologists (D:14)
  A komodo dragon (shapeshifter) (Elf:2)
  6 komodo dragons
  7 trolls
  4 merfolk (Shoals:1)
  6 meliai
  A polar bear (Lair:5)
  A wind drake (Shoals:1)
  12 blink frogs
  5 slime creatures (D:14)
  8 dream sheep
  2 spectral dream sheep (Lair:1)
  10 hippogriffs
  3 snapping turtles (Shoals:1)
  A spectral black mamba (Lair:1)
  A centaur simulacrum (D:15)
  Sigmund (D:2)
  A wraith (D:15)
  A yak (shapeshifter) (Elf:3)
  9 water elementals
  An air elemental (Elf:1)
  4 wyverns
  3 basilisks
  3 hogs (D:7)
  A human (D:7)
  A fire elemental (Elf:1)
  19 yaks
  A hungry ghost (D:15)
  2 vampire mosquitoes (D:15)
  23 nagas
  5 wargs
  A soldier ant (D:14)
  12 water moccasins
  A hydra simulacrum (Lair:1)
  10 porcupines
  16 ice beasts
  A hornet zombie (D:15)
  3 black bears
  37 orc warriors
  7 sky beasts
  9 ogres
  2 eyes of draining
  4 necrophages
  A black mamba simulacrum (Lair:1)
  11 wolves
  17 centaurs
  14 crocodiles
  5 big kobolds
  16 bullfrogs
  A wyvern zombie (D:14)
  A spiny frog simulacrum (Lair:1)
  2 earth elementals (Elf:1)
  A wyvern skeleton (D:11)
  6 scorpions
  21 wights
  19 killer bees
  8 electric eels
  4 howler monkeys
  A komodo dragon simulacrum (Lair:1)
  5 crimson imps
  4 centaur zombies
  5 hounds
  3 jellies
  A bullfrog skeleton (D:10)
  17 orc priests
  4 iguanas
  25 orc wizards
  9 worker ants
  A hound skeleton (D:9)
  A howler monkey zombie (D:9)
  A worker ant zombie (D:8)
  10 gnolls
  A howler monkey skeleton (D:4)
  13 adders
  4 shadow imps
  3 oozes (D:2)
  An adder zombie (D:9)
  7 worms
  2 dart slugs
  3 leopard geckos
  67 orcs
  7 giant cockroaches
  11 goblins
  4 hobgoblins
  8 jackals
  2 quokkas
  3 ball pythons
  A ball python skeleton (D:5)
  6 bats
  5 frilled lizards
  15 kobolds
  A leopard gecko zombie (D:7)
  A quokka skeleton (D:7)
  7 rats
  A bush (Lair:6)
  A fungus (Lair:6)
  5 plants
882 creatures vanquished.

Vanquished Creatures (collateral kills)
  A rakshasa (D:14)
  3 dream sheep (Lair:6)
4 creatures vanquished.

Vanquished Creatures (others)
  A dancing weapon (Elf:1)
  2 deep elf knights (Elf:1)
  An air elemental (Elf:3)
  An orc priest (Orc:2)
  12 bushes (D:14)
  11 fungi
  8 plants
36 creatures vanquished.

Grand Total: 922 creatures vanquished

Notes
Turn   | Place    | Note
-------+----------+-------------------------------------------
     0 | D:1      | CherryEater the Gargoyle Earth Elementalist began the quest
                  | for the Orb.
     0 | D:1      | Reached XP level 1. HP: 10/10 MP: 3/3
   210 | D:1      | Reached XP level 2. HP: 13/15 MP: 5/5
   245 | D:1      | Reached skill level 4 in Earth Magic
   956 | D:2      | Noticed Sigmund
   963 | D:2      | Reached XP level 3. HP: 19/19 MP: 4/7
   968 | D:2      | Learned a level 3 spell: Stone Arrow
  1239 | D:2      | Reached skill level 1 in Conjurations
  1239 | D:2      | Reached XP level 4. HP: 24/24 MP: 1/8
  1374 | D:2      | Killed Sigmund
  1374 | D:2      | Reached skill level 5 in Earth Magic
  1374 | D:2      | Reached XP level 5. HP: 20/28 MP: 0/10
  1374 | D:2      | Reached XP level 6. HP: 22/32 MP: 0/11
  1381 | D:2      | Learned a level 5 spell: Lee's Rapid Deconstruction
  2134 | D:3      | Reached skill level 6 in Earth Magic
  2269 | D:3      | Noticed a moth of wrath
  2271 | D:3      | Found a bloodstained altar of Trog.
  2825 | D:4      | Found a staircase to the Ecumenical Temple.
  2850 | Temple   | Entered the Ecumenical Temple
  2890 | Temple   | Became a worshipper of Vehumet
  2941 | D:4      | Reached XP level 7. HP: 36/36 MP: 6/13
  3437 | D:5      | Entered Level 5 of the Dungeon
  3857 | D:5      | Found a white marble altar of Elyvilon.
  3976 | D:5      | Reached skill level 7 in Earth Magic
  4059 | D:5      | Reached skill level 5 in Spellcasting
  4234 | D:5      | Gained mutation: You are resistant to hostile enchantments.
                  | (MR+) [potion of mutation]
  4234 | D:5      | Gained mutation: Your large and strong wings let you fly
                  | indefinitely. [potion of mutation]
  4234 | D:5      | Gained mutation: You are partially covered in thin metallic
                  | scales. (AC +2) [potion of mutation]
  4431 | D:5      | Reached XP level 8. HP: 36/41 MP: 8/15
  4431 | D:5      | Reached skill level 5 in Conjurations
  4795 | D:6      | Reached skill level 8 in Earth Magic
  5253 | D:6      | Reached * piety under Vehumet
  5253 | D:6      | Offered knowledge of Flame Tongue by Vehumet.
  5294 | D:6      | Reached XP level 9. HP: 26/46 MP: 18/18
  5297 | D:6      | Reached skill level 1 in Fighting
  5297 | D:6      | Reached skill level 1 in Armour
  5486 | D:6      | Reached skill level 1 in Maces & Flails
  5777 | D:7      | Reached skill level 1 in Evocations
  5780 | D:7      | Noticed temitten's ghost (novice MiMo)
  5827 | D:7      | Found a transporter.
  5852 | D:7      | Found a transporter.
  6251 | D:7      | Reached skill level 9 in Earth Magic
  6306 | D:7      | Reached ** piety under Vehumet
  6306 | D:7      | Offered knowledge of Freeze by Vehumet.
  6569 | D:7      | Reached XP level 10. HP: 56/56 MP: 14/20
  6681 | D:8      | Found Piex's Food Shop.
  6878 | D:8      | Offered knowledge of Static Discharge by Vehumet.
  6942 | D:8      | Noticed a two-headed ogre
  6950 | D:8      | Killed a two-headed ogre
  7184 | D:8      | Noticed a two-headed ogre
  7191 | D:8      | Killed a two-headed ogre
  7196 | D:8      | Reached *** piety under Vehumet
  7633 | D:9      | Offered knowledge of Dazzling Spray by Vehumet.
  7756 | D:9      | Noticed a two-headed ogre
  7769 | D:9      | Killed a two-headed ogre
  7769 | D:9      | Reached XP level 11. HP: 62/62 MP: 5/21
  7781 | D:9      | Reached skill level 10 in Earth Magic
  7954 | D:9      | Reached **** piety under Vehumet
  8295 | D:9      | Got an opalescent robe
  8306 | D:9      | Identified the +1 robe of Gravitas {rC++} (You found it on
                  | level 9 of the Dungeon)
  8333 | D:9      | Found a burning altar of Makhleb.
  8540 | D:10     | Entered Level 10 of the Dungeon
  8648 | D:10     | Offered knowledge of Iskenderun's Mystic Blast by Vehumet.
  8669 | D:10     | Reached skill level 5 in Armour
  8876 | D:10     | Found a staircase to the Orcish Mines.
  8943 | D:10     | Reached skill level 5 in Fighting
  9201 | D:11     | Noticed a cyclops
  9311 | D:11     | Noticed a cyclops
  9320 | D:11     | Found a flagged portal.
  9327 | Bailey   | Entered a bailey
  9966 | Bailey   | Noticed an orc knight
  9975 | Bailey   | Killed an orc knight
  9983 | Bailey   | Reached ***** piety under Vehumet
  9983 | Bailey   | Offered knowledge of Venom Bolt by Vehumet.
  9990 | Bailey   | Learned a level 5 spell: Venom Bolt
 10219 | D:11     | Reached skill level 5 in Maces & Flails
 10427 | D:11     | Killed a cyclops
 10541 | D:11     | Noticed a two-headed ogre
 10690 | D:11     | Killed a two-headed ogre
 10690 | D:11     | Reached skill level 5 in Dodging
 11042 | D:11     | Reached XP level 12. HP: 69/69 MP: 23/23
 11063 | D:11     | Found a staircase to the Lair.
 11155 | D:11     | Reached skill level 5 in Evocations
 11579 | D:12     | Found a frozen archway.
 11585 | IceCv    | Entered an ice cave
 12061 | IceCv    | Noticed an ice dragon
 12075 | IceCv    | Killed an ice dragon
 12075 | IceCv    | Reached skill level 11 in Earth Magic
 12215 | IceCv    | Noticed an ice dragon
 12223 | IceCv    | Killed an ice dragon
 13337 | D:13     | Noticed a two-headed ogre
 13343 | D:13     | Killed a two-headed ogre
 13739 | D:13     | Noticed a four-headed hydra
 13760 | D:13     | Killed a four-headed hydra
 14024 | D:13     | Noticed a six-headed hydra
 14033 | D:13     | Killed a six-headed hydra
 14415 | D:14     | Reached XP level 13. HP: 71/76 MP: 25/25
 14586 | D:14     | Noticed a rakshasa
 14619 | D:14     | Killed a rakshasa
 15004 | D:14     | Reached skill level 10 in Conjurations
 15676 | D:14     | Offered knowledge of Bolt of Magma by Vehumet.
 15819 | D:14     | Reached skill level 12 in Earth Magic
 15945 | D:14     | Noticed a vault guard
 15956 | D:14     | Killed a vault guard
 16371 | D:14     | Noticed a vault guard
 16383 | D:14     | Killed a vault guard
 16506 | D:14     | Found a gate to the Vaults.
 16550 | D:14     | Noticed a vault guard
 16574 | D:14     | Killed a vault guard
 16780 | D:14     | Noticed a vault guard
 16795 | D:14     | Killed a vault guard
 17360 | Lair:1   | Entered Level 1 of the Lair of Beasts
 17495 | Lair:1   | Mutation became permanent: Your large and strong wings let
                  | you fly indefinitely. [Gargoyle growth]
 17495 | Lair:1   | Gained mutation: Your large and strong wings let you fly
                  | indefinitely. [Gargoyle growth]
 17495 | Lair:1   | Reached XP level 14. HP: 75/84 MP: 7/27
 17632 | Lair:1   | Learned a level 5 spell: Bolt of Magma
 18114 | Lair:1   | Reached skill level 1 in Fire Magic
 18216 | Lair:1   | Found a runed translucent gate.
 18216 | Lair:1   | Found a runed translucent gate.
 18216 | Lair:1   | Found a runed translucent gate.
 18217 | Lair:1   | Noticed Hawod's ghost (novice MiBe)
 18231 | Lair:1   | Killed Hawod's ghost
 18754 | Lair:2   | Found a staircase to the Snake Pit.
 19332 | Lair:2   | Offered knowledge of Ozocubu's Refrigeration by Vehumet.
 19776 | Lair:3   | Noticed Fannar
 19782 | Lair:3   | Killed Fannar
 21359 | Lair:4   | Found a staircase to the Shoals.
 21536 | Lair:4   | Reached skill level 10 in Spellcasting
 21919 | Lair:5   | You are sucked into a shaft and drop 1 floor!
 21919 | Lair:6   | Entered Level 6 of the Lair of Beasts
 22191 | Lair:5   | Reached skill level 13 in Earth Magic
 22505 | Lair:5   | Reached skill level 5 in Fire Magic
 22970 | Lair:5   | Offered knowledge of Yara's Violent Unravelling by Vehumet.
 23906 | Lair:6   | Reached XP level 15. HP: 24/92 MP: 3/29
 24482 | Lair:6   | Noticed Snorg
 24492 | Lair:6   | Killed Snorg
 24492 | Lair:6   | Reached skill level 10 in Fighting
 24565 | Lair:6   | Identified the cursed +0 robe of Viohuloll {Str+4 Stlth+}
                  | (You found it on level 6 of the Lair of Beasts)
 24923 | Lair:6   | Found a viscous altar of Jiyva.
 24923 | Lair:6   | Found a staircase to the Slime Pits.
 25902 | Lair:6   | Got an iridescent short sword
 25903 | Lair:6   | Identified the +12 short sword of Resumed Hostilities
                  | {pierce, rF++} (You found it on level 6 of the Lair of
                  | Beasts)
 26222 | Orc:1    | Entered Level 1 of the Orcish Mines
 26609 | Orc:1    | Found a roughly hewn altar of Beogh.
 27048 | Orc:2    | Entered Level 2 of the Orcish Mines
 27272 | Orc:2    | Found a staircase to the Elven Halls.
 27347 | Orc:2    | Found a runed translucent gate.
 27347 | Orc:2    | Found a runed translucent gate.
 27347 | Orc:2    | Found a runed translucent gate.
 27347 | Orc:2    | Noticed ijan1's ghost (journeyman DsMo)
 27422 | Orc:2    | Paralysed by an orc sorcerer for 5 turns
 27431 | Orc:2    | Offered knowledge of Iron Shot by Vehumet.
 27445 | Orc:2    | Found Leelerch's Magic Scroll Boutique.
 27637 | Orc:2    | Found Jacwazeo's Gadget Emporium.
 27710 | Orc:2    | Found Gaf Ebb's Food Emporium.
 27712 | Orc:2    | Found Etefugau's Food Boutique.
 27735 | Orc:2    | Bought a scroll of blinking for 112 gold pieces
 27735 | Orc:2    | Bought a scroll of enchant weapon for 112 gold pieces
 27735 | Orc:2    | Bought a scroll of identify for 30 gold pieces
 27735 | Orc:2    | Bought a scroll of teleportation for 45 gold pieces
 27735 | Orc:2    | Bought a scroll of identify for 30 gold pieces
 27735 | Orc:2    | Bought a scroll of blinking for 112 gold pieces
 27913 | Orc:2    | Learned a level 6 spell: Iron Shot
 28735 | Elf:1    | Entered Level 1 of the Elven Halls
 28951 | D:15     | Entered Level 15 of the Dungeon
 28957 | D:15     | Found a staircase to the Depths.
 28958 | D:15     | Noticed a fire giant
 28961 | D:15     | Killed a fire giant
 29134 | D:15     | Reached XP level 16. HP: 99/99 MP: 12/30
 30039 | D:15     | Upgraded the game from 0.24-a0-537-g2d01d4ab0a to
                  | 0.24-a0-539-g6aae15eeb0
 30906 | Elf:1    | Found Balixtol's Book Shop.
 31309 | Elf:1    | Reached skill level 10 in Maces & Flails
 31309 | Elf:1    | Reached skill level 14 in Earth Magic
 31322 | Elf:1    | Offered knowledge of Bolt of Cold by Vehumet.
 32262 | Elf:2    | Found the +7 captain's cutlass {speed, disarm}
 32269 | Elf:2    | Found a huge runed translucent gate.
 32269 | Elf:2    | Found a huge runed translucent gate.
 32269 | Elf:2    | Found a huge runed translucent gate.
 32340 | Elf:2    | Found a huge runed translucent gate.
 32342 | Elf:2    | Found a huge runed translucent gate.
 32410 | Elf:2    | Noticed Nikola
 32428 | Elf:2    | Killed Nikola
 32599 | Elf:2    | Identified Sif Muna's Grimoire of Dhcmrlchtdj
 32664 | Elf:2    | Identified Ts'ui Pên's Handbook of Forking Paths
 32671 | Elf:2    | Identified Sif Muna's Volume of Axaxaxas mlö
 32838 | Elf:3    | Entered Level 3 of the Elven Halls
 33386 | Elf:3    | Found Liawk's Gadget Shop.
 33534 | Elf:3    | Found a runed translucent gate.
 33534 | Elf:3    | Found a runed translucent gate.
 33534 | Elf:3    | Found a runed translucent gate.
 33534 | Elf:3    | Found an opulent altar of Gozag.
 33536 | Elf:3    | Noticed Arang's ghost (veteran DsWz)
 33538 | Elf:3    | Found Tenebru's Assorted Antiques.
 33798 | Snake:1  | Entered Level 1 of the Snake Pit
 34467 | Snake:1  | Reached XP level 17. HP: 94/104 MP: 23/32
 34574 | Snake:1  | Reached skill level 10 in Fire Magic
 34644 | Snake:1  | Identified Roxanne's Disquisition on Changing
 34644 | Snake:1  | Noticed Roxanne
 34650 | Snake:1  | Killed Roxanne
 34770 | Snake:1  | Found Ariwesaxt's Food Shoppe.
 34772 | Snake:1  | Found Piucs's Assorted Antiques.
 34774 | Snake:1  | Found Woanifra's Food Shoppe.
 34789 | Snake:1  | Bought a potion of heal wounds for 135 gold pieces
 35053 | Snake:1  | You are sucked into a shaft and drop 1 floor!
 35068 | Snake:2  | Noticed Aizul
 35478 | Snake:1  | Noticed Asterion
 35497 | Snake:1  | Killed Asterion
 36006 | Snake:1  | Bought a ration for 70 gold pieces
 36006 | Snake:1  | Bought a ration for 70 gold pieces
 36006 | Snake:1  | Bought a ration for 70 gold pieces
 36006 | Snake:1  | Bought a ration for 70 gold pieces
 36006 | Snake:1  | Bought a ration for 70 gold pieces
 36006 | Snake:1  | Bought a ration for 70 gold pieces
 36006 | Snake:1  | Bought a ration for 70 gold pieces
 36006 | Snake:1  | Bought a ration for 70 gold pieces
 36006 | Snake:1  | Bought a ration for 70 gold pieces
 36338 | Snake:2  | Killed Aizul
 36844 | Snake:2  | Offered knowledge of Orb of Destruction by Vehumet.
 38135 | Shoals:1 | Entered Level 1 of the Shoals
 39599 | Shoals:1 | Noticed Donald
 39758 | Shoals:1 | Demolished by Donald

Levels and vault maps discovered:
D:1:      psy_arrival_wood_between_worlds, layout_rooms
D:2:      layout_loops_ring, kennysheep_generic_room_4, uniq_sigmund
D:3:      layout_loops_ring, first_ration, kennysheep_big_empty_room, tgw_trog
D:4:      layout_rooms, minmay_temple_entry_overgrown, serial_bayou_ford_a
D:5:      layout_basic, elyvilon_altar_3, minmay_fractal_squares_gapless_5
D:6:      minmay_flawed_box, layout_basic, st_stairs_9, minmay_crossroads
D:7:      layout_cave_pools, gammafunk_ghost_arena, grunt_livestock
D:8:      layout_gridville, serial_shops, nicolae_shop_stone,
          grunt_ministairs_12
D:9:      layout_basic, st_stairs_5, makhleb_blood_cavern_becter
D:10:     layout_basic, orc_0_dummy, fountainhead
D:11:     layout_basic, lair_entry_dummy, enter_bailey_3, minivault_26
D:12:     layout_cave_pods, portal_ice_cave_entry_pillars_1
D:13:     layout_roguey
D:14:     layout_roguey, lightli_vaults_fourway_checkpoint, serial_park_square1
          [serial_park_minivault_5x5_6], chequers_serial_rivers_micro_d
D:15:     grunt_enter_depths_giant_problem, layout_loops_cross,
          grunt_decor_mini_mirrors, minmay_hedge_maze, drop_trap,
          lightli_corner_chamber
Temple:   compressed_dpeg_circular_temple
Lair:1:   layout_chaotic_city, gammafunk_ghost_necromancy,
          minmay_lair_oklob_bushes, serial_bayou_pond_b, grunt_megastairs_3
Lair:2:   layout_regular_city, guppyfry_snake_entry_island,
          nicolae_quartered_pool_super, beast_lair_carwin_11
Lair:3:   layout_regular_city, grunt_megastairs_2, uniq_fannar
Lair:4:   layout_gridlike, elwin_shoals_entry_stream,
          cheibrodos_lair_reptile_den, lemuel_fruit_tree
Lair:5:   layout_cave_pods, beast_lair_carwin_3, grunt_megastairs_4,
          minmay_lair_oklob_chamber, infiniplex_staircase_pool_2
Lair:6:   grunt_lair_end_beastmaster, layout_cave_pods,
          dpeg_slime_entry_enclosed_altar, serial_rivers,
          chequers_serial_rivers_micro_d, chequers_serial_rivers_micro_d,
          chequers_serial_rivers_micro_d, chequers_serial_rivers_micro_d,
          chequers_serial_rivers_micro_b, uniq_snorg
Shoals:1: layout_shoals, uniq_donald
Snake:1:  layout_cave_shapes, nicolae_snake_linked_coils, minmay_shop_star,
          uniq_asterion, uniq_roxanne
Snake:2:  layout_rooms, uniq_aizul
Snake:3:  layout_rooms, special_room, minmay_shop_mass,
          hangedman_snake_thin_pillar_pass, uniq_agnes, uniq_kirke
Orc:1:    layout_caves, basic_altar
Orc:2:    st_orc_elflike, layout_diamond_mine, ebering_ghost_rock_garden,
          elves_outpost_lemuel
Elf:1:    layout_gridlike, serial_shops, shop, serial_sigils,
          serial_sigils_hangedman_quiver, serial_sigils_hangedman_quiver,
          serial_sigils_hangedman_gnaw, serial_sigils_hangedman_gut,
          serial_sigils_hangedman_stare
Elf:2:    layout_rooms, bh_hangedman_babel_library, uniq_nikola
Elf:3:    minmay_elf_hall_hex, layout_geoelf_octagon, serial_shops,
          nicolae_shop_trees, ebering_ghost_gozag, minmay_misc_feat_five

Skill      XL: |  1  2  3  4  5  6  7  8  9 10 11 12 13 14 15 16 17 |
---------------+----------------------------------------------------+-----
Earth Magic    | 4 5 6 7 8 9 10 11 12 13 14 | 14.9
Spellcasting   | 3 4 5 6 7 8 9 10 11 | 11.7
Conjurations   | 1 2 3 4 6 7 8 9 10 11 12 13 | 13.2
Fighting       | 3 4 5 7 8 9 10 11 12 | 12.0
Armour         | 3 4 5 6 |  6.0
Maces & Flails | 2 4 5 6 8 9 10 11 | 11.0
Dodging        | 3 4 5 6 7 8 9 |  9.7
Evocations     | 2 3 4 6 |  6.0
Fire Magic     | 5 8 9 11 | 11.1
Stealth        | |  2.1
Transmutations | |  0.7

Action                   |  1- 3 |  4- 6 |  7- 9 | 10-12 | 13-15 | 16-18 || total
-------------------------+-------+-------+-------+-------+-------+-------++-------
Melee: Unarmed           |    21 |       |       |       |       |       ||    21
       Dagger            |    54 |   123 |   102 |   382 |   329 |       ||   990
       Short sword       |       |       |    52 |    91 |   154 |   147 ||   444
       Cutlass           |       |       |       |       |       |   149 ||   149
Throw: Boomerang         |     2 |       |       |       |       |       ||     2
 Cast: Sandblast         |    27 |    70 |   112 |    36 |   140 |    27 ||   412
       Stone Arrow       |     1 |     2 |     8 |   131 |   225 |     3 ||   370
       Lee's Rapid Decon |       |       |    20 |    50 |    97 |    50 ||   217
       Venom Bolt        |       |       |       |     8 |     8 |     2 ||    18
       Bolt of Magma     |       |       |       |       |   116 |    64 ||   180
       Iron Shot         |       |       |       |       |    19 |   174 ||   193
 Abil: Fly               |       |       |     1 |       |       |       ||     1
Evoke: Wand              |       |       |     4 |    59 |    38 |    18 ||   119
       Box of beasts     |       |       |       |       |     3 |       ||     3
  Use: Scroll            |     6 |     2 |    10 |    12 |     7 |     9 ||    46
       Potion            |       |     3 |     3 |     3 |     5 |     4 ||    18
 Stab: Sleeping          |     3 |     1 |       |     2 |     1 |       ||     7
       Distracted        |       |       |       |     1 |     1 |       ||     2
  Eat: Chunk             |     1 |     6 |    14 |    34 |    62 |    41 ||   158
       Ration            |       |       |     1 |     2 |    10 |    18 ||    31
Armor: Robe              |    20 |    75 |   105 |   305 |   456 |   242 ||  1203
Dodge: Dodged            |    60 |    89 |   137 |   505 |   688 |   393 ||  1872

Table legend:
 A = Non-vault XP
 B = Vault XP
 C = Vault XP percentage of total XP
 D = Non-vault monster count
 E = Vault monster count
 F = Vault count percentage of total count
                 A         B        C        D         E       F
            +---------+---------+-------+---------+---------+-------
      Total |  156587 |   72595 |  31.7 |     679 |     203 |  23.0
            +---------+---------+-------+---------+---------+-------
        D:1 |      22 |       0 |   0.0 |      15 |       0 |   0.0
        D:2 |     136 |     237 |  63.5 |      24 |       3 |  11.1
        D:3 |     137 |      13 |   8.7 |      26 |       5 |  16.1
        D:4 |     114 |       0 |   0.0 |       9 |       0 |   0.0
        D:5 |     538 |      74 |  12.1 |      11 |       2 |  15.4
        D:6 |     879 |     392 |  30.8 |      21 |      10 |  32.3
        D:7 |    1635 |     991 |  37.7 |      43 |       5 |  10.4
        D:8 |    1697 |     943 |  35.7 |      15 |       2 |  11.8
        D:9 |    3108 |     218 |   6.6 |      35 |       4 |  10.3
       D:10 |    1310 |       0 |   0.0 |      23 |       0 |   0.0
       D:11 |    4926 |       6 |   0.1 |      42 |       4 |   8.7
       D:12 |    2232 |       0 |   0.0 |      17 |       0 |   0.0
       D:13 |    4994 |       0 |   0.0 |      18 |       0 |   0.0
       D:14 |   14129 |    6372 |  31.1 |      49 |      12 |  19.7
       D:15 |    5602 |    4004 |  41.7 |      20 |       5 |  20.0
     Lair:1 |    2672 |    3851 |  59.0 |      14 |      16 |  53.3
     Lair:2 |    6451 |    1047 |  14.0 |      21 |       8 |  27.6
     Lair:3 |    2067 |    3233 |  61.0 |       8 |       9 |  52.9
     Lair:4 |    2193 |    2873 |  56.7 |       9 |       6 |  40.0
     Lair:5 |    5311 |    4268 |  44.6 |      18 |      14 |  43.8
     Lair:6 |    8774 |    8215 |  48.4 |      25 |      16 |  39.0
   Shoals:1 |   15140 |       0 |   0.0 |      31 |       0 |   0.0
    Snake:1 |   15908 |    4570 |  22.3 |      38 |       2 |   5.0
    Snake:2 |   15860 |    1581 |   9.1 |      27 |       1 |   3.6
    Snake:3 |     456 |       0 |   0.0 |       1 |       0 |   0.0
      Orc:1 |    4024 |       0 |   0.0 |      30 |       0 |   0.0
      Orc:2 |    5647 |   13812 |  71.0 |      34 |      34 |  50.0
      Elf:1 |   18071 |       0 |   0.0 |      33 |       0 |   0.0
      Elf:2 |    6671 |    8060 |  54.7 |      11 |       7 |  38.9
      Elf:3 |    5883 |       0 |   0.0 |      11 |       0 |   0.0
     Bailey |       0 |    2390 | 100.0 |       0 |      18 | 100.0
      IceCv |       0 |    5445 | 100.0 |       0 |      20 | 100.0
            +---------+---------+-------+---------+---------+-------
